 Dungeon Crawl Stone Soup version 0.22.0-81-g402daae900 (webtiles) character file.

425 Grim the Shooter (level 6, -2/47 HPs)
             Began as a Centaur Arcane Marksman on Sept 16, 2018.
             Slain by a leopard gecko (4 damage)
             ... on level 5 of the Dungeon.
             The game lasted 00:09:07 (5428 turns).

Grim the Shooter (Centaur Arcane Marksman)          Turns: 5428, Time: 00:09:07

Health: -2/47      AC:  4    Str: 18    XL:     6   Next: 64%
Magic:  7/7        EV:  9    Int: 13    God:
Gold:   189        SH:  0    Dex: 10    Spells: 6/7 levels left

rFire    . . .     SeeInvis .   b - +0 whip
rCold    . . .     Gourm    .   (no shield)
rNeg     . . .     Faith    .   e - +0 robe
rPois    .         Spirit   .   (no helmet)
rElec    .         Reflect  .   (no cloak)
rCorr    .         Harm     .   (no gloves)
MR       .....                  (no barding)
Stlth    +.........             (no amulet)
HPRegen  0.15/turn              (no ring)
MPRegen  0.10/turn              (no ring)

@: mighty, very quick
A: large, hooves 3, deformed body, speed 2, tough skin 3
a: no special abilities


You were on level 5 of the Dungeon.
You were not hungry.

You visited 1 branch of the dungeon, and saw 5 of its levels.

You collected 189 gold pieces.

Inventory:

Hand Weapons
 a - a +0 shortbow
 b - a +0 whip (weapon)
 c - a -1 quarterstaff
Missiles
 d - 20 arrows
Armour
 e - a +0 robe (worn)
Wands
 y - a wand of disintegration (5)
Scrolls
 h - 2 scrolls of magic mapping {unknown}
 i - a scroll of fear {unknown}
 j - a scroll of enchant armour {unknown}
 k - a scroll of amnesia {unknown}
 n - 2 scrolls of identify {unknown}
 p - a scroll of blinking {unknown}
 q - a scroll of teleportation {unknown}
 t - a scroll of fog {unknown}
 w - a scroll of enchant weapon {unknown}
Potions
 r - a potion of resistance {unknown}
 s - a potion of heal wounds {unknown}
 u - 2 potions of curing {unknown}
 v - a potion of brilliance {unknown}
 x - 2 potions of haste
 z - a potion of agility {unknown}
Comestibles
 f - 3 rations


   Skills:
 - Level 1.0 Fighting
 - Level 4.5 Maces & Flails
 + Level 6.0 Bows
 - Level 1.3 Dodging
 - Level 1.0 Spellcasting
 * Level 3.2 Hexes


You had 6 spell levels left.
You knew the following spells:

 Your Spells              Type           Power        Failure   Level  Hunger
a - Corona                Hex            #......      8%          1    ##.....

Your spell library contained the following spells:

 Spells                   Type           Power        Failure   Level  Hunger
 Slow                     Hex            #.......     11%         2    ###....
 Inner Flame              Hex/Fire       #.......     41%         3    ####...
 Portal Projectile        Hex/Tloc       #.....       41%         3    ####...
 Cause Fear               Hex            #.........   58%         4    #####..
 Leda's Liquefaction      Hex/Erth       #.........   82%         4    #####..


Dungeon Overview and Level Annotations

Branches:
Dungeon (4/15)             Temple (0/1) D:4

Altars:
Ashenzari
Dithmenos
Fedhas
Gozag
Hepliaklqana
Sif Muna
Uskayaw
Vehumet


Innate Abilities, Weirdness & Mutations

You have hooves in place of feet.
Armour fits poorly on your strangely shaped body.
You cover ground very quickly.
You have extremely tough skin. (AC +3)


Message History

The iguana is severely wounded.
The iguana bites you.
You hit the iguana but do no damage. You kick the iguana, but do no damage.
The iguana is severely wounded.
The leopard gecko closely misses you. The iguana barely misses you.
You hit the iguana but do no damage.
The iguana is severely wounded.
The leopard gecko barely misses you.
You hit the iguana but do no damage.
The iguana is severely wounded.
The iguana closely misses you. The leopard gecko closely misses you.
You hit the iguana. You kick the iguana.
The iguana is almost dead.
The iguana bites you! The leopard gecko bites you.
* * * LOW HITPOINT WARNING * * *
You feel very mighty all of a sudden. The iguana bites you!
* * * LOW HITPOINT WARNING * * *
The leopard gecko bites you.
You die...

### #.#.#
..# #.#.#
#.# #.#.# #
#.# ###.#
#.#.# #...#
#.#.####.###
#=.((....#
###l######
#@# #l# #.#
..# ###


You could see an iguana and a leopard gecko.

Vanquished Creatures
  2 howler monkeys (D:4)
  A centaur zombie (D:5)
  A gnoll shaman (D:4)
  2 worker ants (D:4)
  A hound zombie (D:4)
  A worker ant zombie (D:5)
  9 adders
  4 gnolls (D:4)
  5 worms
  2 dart slugs (D:1)
  3 leopard geckos
  2 orcs (D:3)
  A ball python (D:2)
  5 bats
  3 giant cockroaches
  7 goblins
  5 hobgoblins
  7 jackals
  A quokka (D:3)
  6 frilled lizards
  8 kobolds
  8 rats
84 creatures vanquished.

Notes
Turn   | Place    | Note
-------+----------+-------------------------------------------
     0 | D:1      | Grim the Centaur Arcane Marksman began the quest for the
                  | Orb.
     0 | D:1      | Reached XP level 1. HP: 16/16 MP: 2/2
   108 | D:1      | Reached skill level 3 in Bows
   124 | D:1      | Reached XP level 2. HP: 10/23 MP: 3/3
  1495 | D:2      | Reached XP level 3. HP: 28/28 MP: 1/4
  1550 | D:2      | Reached skill level 4 in Bows
  1590 | D:2      | Reached skill level 1 in Maces & Flails
  1949 | D:2      | Reached XP level 4. HP: 15/35 MP: 5/5
  2154 | D:2      | Found a hazy altar of Hepliaklqana.
  2784 | D:2      | Found a deep blue altar of Sif Muna.
  3096 | D:3      | Found a shadowy altar of Dithmenos.
  3893 | D:3      | Reached XP level 5. HP: 40/40 MP: 4/6
  3932 | D:3      | Found a hide-covered altar of Uskayaw.
  3934 | D:3      | Found a shattered altar of Ashenzari.
  3936 | D:3      | Found a radiant altar of Vehumet.
  4461 | D:3      | Found a blossoming altar of Fedhas.
  4684 | D:4      | Found an opulent altar of Gozag.
  4760 | D:4      | Reached skill level 5 in Bows
  4793 | D:4      | Reached XP level 6. HP: 37/47 MP: 7/7
  4836 | D:4      | Found a staircase to the Ecumenical Temple.
  5199 | D:4      | You fall through a shaft!
  5199 | D:5      | Entered Level 5 of the Dungeon
  5223 | D:5      | Reached skill level 6 in Bows
  5428 | D:5      | HP: 2/47 [iguana (10)]
  5428 | D:5      | Slain by a leopard gecko

Skill      XL: |  1  2  3  4  5  6 |
---------------+-------------------+-----
Bows           | 3 4 5 6 |  6.0
Hexes          | 3 |  3.2
Maces & Flails | 1 2 3 4 |  4.5
Fighting       | |  1.0
Dodging        | |  1.3
Spellcasting   | |  1.0

Action                   |  1- 3 |  4- 6 || total
-------------------------+-------+-------++-------
Melee: Unarmed           |    33 |       ||    33
       Kick              |    14 |    23 ||    37
       Whip              |    42 |   128 ||   170
 Fire: Shortbow          |    49 |    77 ||   126
 Cast: Corona            |    27 |    33 ||    60
  Use: Potion            |       |     6 ||     6
       Scroll            |       |     1 ||     1
  Eat: Chunk             |     3 |     5 ||     8
       Ration            |       |     2 ||     2
Armor: Robe              |    35 |    27 ||    62
       Skin              |       |    30 ||    30
Dodge: Dodged            |    35 |    51 ||    86
